 Dungeon Sprint DCSS version 0.20-a0-1050-g57248f3 (webtiles) character file.

45055 Kidiri the Eclecticist (level 13, -2/80 HPs)
             Began as a Deep Elf Fire Elementalist on Apr 3, 2017.
             Was the Champion of Vehumet.
             Slain by a deep elf blademaster (17 damage)
             ... in the Dungeon (Sprint III: "The Ten Rune Challenge") on Apr 25, 2017.
             The game lasted 00:42:36 (7205 turns).

Kidiri the Eclecticist (Deep Elf Fire Elementalist) Turns: 7205, Time: 00:42:37

Health: -2/80      AC:  4    Str:  4 (5)  XL:     13   Next: 29%
Magic:  14/38      EV: 30    Int: 25 (26) God:    Vehumet [******]
Gold:   5979       SH:  0    Dex: 22      Spells: 8/50 levels left

rFire    . . .     SeeInvis +   j - +1 dagger (pain)
rCold    . . .     Gourm    .   (no shield)
rNeg     . . .     Faith    .   a - +0 robe
rPois    .         Spirit   .   e - +2 hat {SInv}
rElec    .         Reflect  .   (no cloak)
rCorr    .         Harm     .   (no gloves)
MR       +....     NoTele   +   (no boots)
Stlth    ++++......             (no amulet)
Regen    0.3/turn               (no ring)
MPRegen  0.3/turn               (no ring)

@: agile, hasted, very quick
A: agile 1, deterioration 1
}: 1/10 runes: serpentine
a: Renounce Religion


You were in the Dungeon.
You worshipped Vehumet.
Vehumet was exalted by your worship.
You were full.

You visited 1 branch You collected 6629 gold pieces.
You spent 650 gold pieces at shops.

Inventory:

Hand Weapons
 c - a +1 broad axe of chopping
 f - a +0 dagger of venom
 j - a +1 dagger of pain (weapon)
Armour
 a - a +0 robe (worn)
 e - a +2 hat of see invisible (worn)
 u - a +0 buckler
 x - a +2 robe of resistance
 y - a +1 robe of resistance
Magical Staves
 z - an uncursed staff of poison
Wands
 b - a wand of iceblast (7/15)
Scrolls
 l - a scroll of torment
 n - a scroll of enchant weapon
 r - a scroll of immolation {unknown}
 s - a scroll of remove curse {unknown}
 A - 2 scrolls of amnesia {unknown}
Potions
 g - 2 potions of magic
 h - a potion of berserk rage
 i - a potion of lignification
 k - a potion of brilliance
 m - a potion of haste
 p - a potion of ambrosia
 t - a potion of agility
 v - 2 potions of heal wounds
 w - 2 potions of curing
Books
 d - a book of Burglary

   Spells                             Type                      Level
   a - Swiftness                      Charms/Air                   2
   b - Passwall                       Transmutation/Earth          2
   c - Passage of Golubria            Translocation                4
   d - Lee's Rapid Deconstruction     Earth                        5
   e - Darkness                       Hexes                        6
   f - Invisibility                   Hexes                        6
Comestibles
 o - 11 royal jellies


   Skills:
 + Level 9.4 Fighting
 + Level 11.1 Short Blades
 + Level 9.5 Armour
 + Level 13.3 Dodging
 - Level 2.4 Stealth
 + Level 2.1 Shields
 * Level 19.1 Spellcasting
 + Level 12.2 Conjurations
 + Level 12.4 Fire Magic
 + Level 9.8 Air Magic
 + Level 10.3 Earth Magic
 + Level 10.5 Poison Magic
 + Level 10.5 Evocations


You had 8 spell levels left.
You knew the following spells:

 Your Spells              Type           Power        Failure   Level  Hunger
a - Flame Tongue          Conj/Fire      #####        0%          1    None
b - Throw Flame           Conj/Fire      ######       0%          2    None
c - Conjure Flame         Conj/Fire      ######..     1%          3    None
d - Inner Flame           Hex/Fire       ######..     1%          3    None
e - Sticky Flame          Conj/Fire      ######..     1%          4    None
f - Fireball              Conj/Fire      ######....   1%          5    None
g - Bolt of Fire          Conj/Fire      ######....   1%          6    ###....
h - Mephitic Cloud        Conj/Pois/Air  ######..     1%          3    None
i - Lee's Rapid Deconstr  Erth           ######....   1%          5    None
j - Airstrike             Air            ######....   1%          4    None
k - Passwall              Tmut/Erth      #####.....   1%          2    None
l - Passage of Golubria   Tloc           N/A          19%         4    None


Dungeon Overview and Level Annotations

Branches:
Dungeon (1/1)

Altars:
Cheibriados
Dithmenos
Elyvilon
Fedhas
Gozag
Hepliaklqana
Kikubaaqudgha
Makhleb
Nemelex Xobeh
Okawaru
Qazlal
Ru
Sif Muna
Trog
Uskayaw
Vehumet
Wu Jian
Xom
Yredelemnul
Zin
The Shining One
Beogh
Jiyva
Lugonu

Shops:
D }(!*

Annotations:
D exclusion: 2 doors


Innate Abilities, Weirdness & Mutations

You are agile. (Dex +2)
Your body sometimes deteriorates upon taking damage.


Message History

Unknown command.
Unknown command.
Unknown command.
Unknown command.
You feel agile all of a sudden. The deep elf blademaster misses you. x2
You hear a snapping sound.
Casting: Sticky Flame
Confirm with . or Enter, or press ? or * to list all spells.
Aiming: Sticky Flame
Press: ? - help, Shift-Dir - straight line, f/p - deep elf blademaster
Aim: a deep elf blademaster, wearing a shiny plate armour (lightly wounded)
The sticky flame hits the deep elf blademaster.
The deep elf blademaster appears unharmed.
The deep elf blademaster is lightly wounded.
The deep elf blademaster is covered in liquid flames!
The deep elf blademaster burns!
The deep elf blademaster completely misses you.
The deep elf blademaster hits you!
You die...

##.##################..#.#####
####..#___#___#__#.#∩#.##...'.#.^
#..#..#.).#__)#._#.)[).[...##.#..
#..#..###+#+###+##...)[...###.#..
##+#..#...)......#...[[)...##[#..
###...'.⌠........#...)#.##.##[)..
###...#...######'#.###.####.#####
##....#.⌠.#__#...#'##############
#.....#...#__#..@#)...#.#.#)[...#
......#+###__#..e##)#).#.##.###.#
#.....#:):#__#...'##.#.#.##.#..##
##....#___#__+...#...#..#..##).'.
▓▓▓▓▓▓▓▓▓▓▓▓▓▓▓▓▓▓▓▓▓▓▓▓▓▓▓▓▓▓▓#.
≈≈≈♣♣.....♣♣♣♣≈≈≈........≈≈≈...#.
≈.≈♣♣.≈≈≈≈'♣♣'♣≈≈≈≈≈≈≈≈≈≈≈≈♣♣P.'.
≈≈≈≈'.....#.≈♣♣♣♣♣♣♣♣♣♣♣♣♣♣♣♣PP#.
≈≈≈♣♣♣♣♣♣♣#..♣♣ ♣♣♣##


You could see a deep elf blademaster (burning).

Vanquished Creatures
  Rupert (D)
  Gastronok (D)
  A nagaraja (D)
  3 deep elf demonologists (D)
  A deep elf annihilator (D)
  2 dire elephants (D)
  2 deep elf death magi (D)
  Erolcha (D)
  A naga warrior (D)
  2 anacondas (D)
  4 death yaks (D)
  Urug (D)
  An orc high priest (D)
  A deep elf knight (D)
  A lindwurm (D)
  5 deep elf magi (D)
  An orc sorcerer (D)
  2 elephants (D)
  5 black mambas (D)
  A guardian serpent (D)
  2 spiny frogs (D)
  A rime drake (D)
  A komodo dragon (D)
  A queen bee (D)
  3 wandering mushrooms (D)
  2 tyrant leeches (D)
  8 blink frogs (D)
  5 redbacks (D)
  A shadow (D)
  A spatial vortex (D)
  2 nagas (D)
  4 water moccasins (D)
  A swamp drake (D)
  An orc warrior (D)
  A necrophage (D)
  5 two-headed ogres (D)
  A water elemental (D)
  29 killer bees (D)
  A wizard (D)
  A jelly (D)
  Jessica (D)
  A necromancer (D)
  An orc wizard (D)
  3 humans (D)
  A kobold demonologist (D)
  7 adders (D)
  2 oozes (D)
  A phantom (D)
  12 orcs (D)
  A jackal (D)
  A rat (D)
139 creatures vanquished.

Vanquished Creatures (collateral kills)
  A killer bee (D)
1 creature vanquished.

Vanquished Creatures (others)
  2 draconian scorchers (D)
  6 hellions (D)
  3 yaktaurs (D)
  2 killer bees (D)
  An orc priest (D)
  A plant (D)
15 creatures vanquished.

Grand Total: 155 creatures vanquished

Notes
Turn   | Place    | Note
-------+----------+-------------------------------------------
     0 | D        | Kidiri the Deep Elf Fire Elementalist began the quest for the Orb.
     0 | D        | Reached XP level 1. HP: 10/10 MP: 6/6
    51 | D        | Reached skill level 1 in Fighting
    51 | D        | Reached skill level 1 in Armour
    51 | D        | Reached skill level 4 in Spellcasting
    51 | D        | Reached XP level 2. HP: 12/16 MP: 5/9
    91 | D        | Killed a hellion
    92 | D        | Killed a hellion
   126 | D        | Learned a level 2 spell: Throw Flame
   134 | D        | Noticed Jessica
   138 | D        | Killed Jessica
   138 | D        | Reached skill level 1 in Short Blades
   138 | D        | Reached skill level 5 in Spellcasting
   138 | D        | Reached XP level 3. HP: 20/20 MP: 7/11
   138 | D        | Killed a hellion
   138 | D        | Killed a hellion
   138 | D        | Killed a hellion
   139 | D        | Killed a hellion
   143 | D        | Learned a level 3 spell: Conjure Flame
   147 | D        | Learned a level 3 spell: Inner Flame
   200 | D        | Killed a white draconian scorcher
   208 | D        | HP: 1/20 [human (3)]
   228 | D        | Killed a yaktaur
   237 | D        | Killed a white draconian scorcher
   375 | D        | Gained mutation: Your spells are a little easier to cast, but a little less powerful. [potion of mutation]
   375 | D        | Gained mutation: You have sharp toenails. [potion of mutation]
   375 | D        | Gained mutation: You are partially covered in thin metallic scales. (AC +2) [potion of mutation]
   376 | D        | Lost mutation: You have sharp toenails. [potion of mutation]
   376 | D        | Lost mutation: You are partially covered in thin metallic scales. (AC +2) [potion of mutation]
   376 | D        | Gained mutation: You have sharp toenails. [potion of mutation]
   376 | D        | Lost mutation: Your spells are a little easier to cast, but a little less powerful. [potion of mutation]
   376 | D        | Gained mutation: Your movements are slightly less encumbered by armour. (ER -2) [potion of mutation]
   377 | D        | Lost mutation: Your movements are slightly less encumbered by armour. (ER -2) [potion of mutation]
   377 | D        | Lost mutation: You have sharp toenails. [potion of mutation]
   377 | D        | Gained mutation: Your body sometimes deteriorates upon taking damage. [potion of mutation]
   377 | D        | Gained mutation: You are agile. (Dex +2) [potion of mutation]
   386 | D        | Noticed a water elemental
   389 | D        | Killed a water elemental
   389 | D        | Reached skill level 6 in Spellcasting
   389 | D        | Reached XP level 4. HP: 27/27 MP: 6/14
   395 | D        | Learned a level 4 spell: Sticky Flame
   449 | D        | Found a radiant altar of Vehumet.
   450 | D        | Found a deep blue altar of Sif Muna.
   450 | D        | Found an ancient bone altar of Kikubaaqudgha.
   450 | D        | Noticed a wizard
   452 | D        | Killed a wizard
   452 | D        | Reached skill level 7 in Spellcasting
   452 | D        | Reached skill level 5 in Fire Magic
   452 | D        | Reached XP level 5. HP: 30/31 MP: 9/16
   455 | D        | Reached skill level 5 in Dodging
   473 | D        | Learned a level 5 spell: Fireball
   475 | D        | Became a worshipper of Vehumet
   492 | D        | Killed a yaktaur
   549 | D        | Found a glowing silver altar of Zin.
   550 | D        | Found a glowing golden altar of the Shining One.
   550 | D        | Found a white marble altar of Elyvilon.
   550 | D        | Noticed a deep elf mage
   555 | D        | Killed a deep elf mage
   555 | D        | Reached skill level 5 in Short Blades
   555 | D        | Reached skill level 10 in Spellcasting
   555 | D        | Reached skill level 5 in Conjurations
   555 | D        | Reached XP level 6. HP: 31/38 MP: 13/21
   555 | D        | Reached XP level 7. HP: 35/43 MP: 14/23
   560 | D        | Learned a level 3 spell: Mephitic Cloud
   615 | D        | Learned a level 5 spell: Lee's Rapid Deconstruction
   615 | D        | Found a hide-covered altar of Uskayaw.
   615 | D        | Found a roughly hewn altar of Beogh.
   615 | D        | Found an iron altar of Okawaru.
   615 | D        | Found a bloodstained altar of Trog.
   615 | D        | Found an ornate altar of the Wu Jian Council.
   615 | D        | Noticed a human
   617 | D        | Noticed a human
   621 | D        | Killed a human
   621 | D        | Reached skill level 1 in Air Magic
   621 | D        | Reached skill level 1 in Poison Magic
   631 | D        | Killed a human
   631 | D        | Reached * piety under Vehumet
   631 | D        | Offered knowledge of Sting by Vehumet.
   631 | D        | Reached skill level 11 in Spellcasting
   736 | D        | Found a basalt altar of Yredelemnul.
   736 | D        | Found a shadowy altar of Dithmenos.
   736 | D        | Found a sacrificial altar of Ru.
   791 | D        | Reached ** piety under Vehumet
   791 | D        | Offered knowledge of Throw Frost by Vehumet.
   793 | D        | Noticed a shadow
   798 | D        | Killed a shadow
   798 | D        | Reached skill level 5 in Fighting
   798 | D        | Reached skill level 5 in Armour
   798 | D        | Reached XP level 8. HP: 16/49 MP: 12/25
   804 | D        | Learned a level 4 spell: Passage of Golubria
  1002 | D        | Found a blossoming altar of Fedhas.
  1002 | D        | Found a stormy altar of Qazlal.
  1002 | D        | Found a snail-covered altar of Cheibriados.
  1002 | D        | Found a burning altar of Makhleb.
  1002 | D        | Found a shimmering altar of Xom.
  1005 | D        | Found a hazy altar of Hepliaklqana.
  1005 | D        | Found an opulent altar of Gozag.
  1005 | D        | Found a sparkling altar of Nemelex Xobeh.
  1005 | D        | Found a corrupted altar of Lugonu.
  1005 | D        | Found a viscous altar of Jiyva.
  1019 | D        | Reached skill level 1 in Earth Magic
  1019 | D        | Reached skill level 1 in Evocations
  1100 | D        | Offered knowledge of Dazzling Spray by Vehumet.
  1100 | D        | Reached *** piety under Vehumet
  1248 | D        | Noticed a two-headed ogre
  1254 | D        | Killed a two-headed ogre
  1254 | D        | Reached skill level 12 in Spellcasting
  1391 | D        | Noticed Erolcha
  1399 | D        | Killed Erolcha
  1399 | D        | Offered knowledge of Airstrike by Vehumet.
  1399 | D        | Reached XP level 9. HP: 33/55 MP: 15/27
  1521 | D        | Noticed a two-headed ogre
  1526 | D        | Reached **** piety under Vehumet
  1534 | D        | Killed a two-headed ogre
  1534 | D        | Reached skill level 13 in Spellcasting
  1542 | D        | Learned a level 4 spell: Airstrike
  1543 | D        | Offered knowledge of Bolt of Magma by Vehumet.
  1721 | D        | Noticed a queen bee
  1732 | D        | Reached ***** piety under Vehumet
  1732 | D        | Offered knowledge of Force Lance by Vehumet.
  1735 | D        | Killed a queen bee
  1735 | D        | Reached skill level 5 in Poison Magic
  1971 | D        | Offered knowledge of Orb of Destruction by Vehumet.
  2016 | D        | Reached skill level 5 in Evocations
  2019 | D        | Reached skill level 5 in Earth Magic
  2019 | D        | Reached XP level 10. HP: 27/60 MP: 5/29
  2077 | D        | Reached skill level 5 in Air Magic
  2363 | D        | Offered knowledge of Freezing Cloud by Vehumet.
  2542 | D        | Reached skill level 14 in Spellcasting
  2776 | D        | Offered knowledge of Spellforged Servitor by Vehumet.
  3001 | D        | Noticed a spiny frog
  3001 | D        | Noticed a spiny frog
  3005 | D        | Killed a spiny frog
  3008 | D        | Killed a spiny frog
  3008 | D        | Reached skill level 10 in Dodging
  3231 | D        | HP: 2/61 [tyrant leech (33)]
  3570 | D        | Noticed a lindwurm
  3577 | D        | Killed a lindwurm
  3577 | D        | Reached skill level 15 in Spellcasting
  3581 | D        | Reached ****** piety under Vehumet
  3785 | D        | Offered knowledge of Conjure Ball Lightning by Vehumet.
  4087 | D        | Noticed Urug
  4101 | D        | Killed Urug
  4220 | D        | Reached XP level 11. HP: 51/67 MP: 27/32
  4305 | D        | Learned a level 2 spell: Passwall
  4309 | D        | Reached skill level 10 in Fire Magic
  4405 | D        | Noticed Rupert
  4451 | D        | Killed Rupert
  4451 | D        | Offered knowledge of Bolt of Fire by Vehumet.
  4451 | D        | Reached skill level 16 in Spellcasting
  4451 | D        | Reached skill level 10 in Conjurations
  4464 | D        | Learned a level 6 spell: Bolt of Fire
  4592 | D        | Noticed a death yak
  4593 | D        | Noticed a death yak
  4595 | D        | Noticed a death yak
  4598 | D        | Noticed a death yak
  4599 | D        | Killed a death yak
  4601 | D        | Killed a death yak
  4602 | D        | Killed a death yak
  4608 | D        | Killed a death yak
  4820 | D        | Noticed an azure jelly
  4820 | D        | Noticed an azure jelly
  4865 | D        | Noticed an anaconda
  4875 | D        | Killed an anaconda
  4875 | D        | Reached skill level 17 in Spellcasting
  4875 | D        | Reached XP level 12. HP: 21/73 MP: 16/35
  4878 | D        | Offered knowledge of Iron Shot by Vehumet.
  5144 | D        | Offered knowledge of Fire Storm by Vehumet.
  5144 | D        | Offered knowledge of Glaciate by Vehumet.
  5144 | D        | Offered knowledge of Shatter by Vehumet.
  5192 | D        | Noticed an anaconda
  5197 | D        | Killed an anaconda
  5370 | D        | Noticed an azure jelly
  5370 | D        | Noticed an azure jelly
  5371 | D        | Noticed a dire elephant
  5371 | D        | Noticed a dire elephant
  5371 | D        | Noticed Gastronok
  5378 | D        | Killed a dire elephant
  5378 | D        | Reached skill level 10 in Short Blades
  5385 | D        | Killed a dire elephant
  5389 | D        | Killed Gastronok
  5670 | D        | Upgraded the game from 0.20-a0-947-g2784f4f to 0.20-a0-1050-g57248f3
  5674 | D        | Found Pyruh Xasov's General Store.
  5678 | D        | Noticed an orc high priest
  5685 | D        | Killed an orc high priest
  5687 | D        | Reached skill level 18 in Spellcasting
  5733 | D        | Bought a potion of haste for 130 gold pieces
  5733 | D        | Bought a scroll of identify for 26 gold pieces
  5733 | D        | Bought a potion of heal wounds for 65 gold pieces
  5733 | D        | Bought 3 scrolls of identify for 78 gold pieces
  5733 | D        | Bought a potion of curing for 39 gold pieces
  5916 | D        | Noticed a naga warrior
  5916 | D        | Noticed a nagaraja
  5923 | D        | Killed a naga warrior
  5923 | D        | Killed a nagaraja
  5925 | D        | Found Buzxin's Gadget Boutique.
  5925 | D        | Found Yxod's Antique Weapon Emporium.
  5927 | D        | Found Sividgh's Distillery.
  6032 | D        | Bought a potion of magic for 96 gold pieces
  6032 | D        | Bought a potion of curing for 36 gold pieces
  6032 | D        | Bought 2 potions of heal wounds for 120 gold pieces
  6032 | D        | Bought a potion of heal wounds for 60 gold pieces
  6045 | D        | Got a serpentine rune of Zot
  6195 | D        | Reached skill level 10 in Poison Magic
  6199 | D        | Reached skill level 10 in Evocations
  6216 | D        | Reached XP level 13. HP: 71/80 MP: 1/37
  6228 | D        | Noticed a deep elf demonologist
  6229 | D        | Noticed a deep elf demonologist
  6361 | D        | Noticed a deep elf annihilator
  6367 | D        | Noticed a deep elf demonologist
  6367 | D        | Noticed a deep elf death mage
  6375 | D        | Noticed a deep elf blademaster
  6521 | D        | Noticed a deep elf death mage
  6523 | D        | Killed a deep elf demonologist
  6523 | D        | Reached skill level 10 in Earth Magic
  6526 | D        | Noticed a blizzard demon
  6526 | D        | Killed a deep elf death mage
  6526 | D        | Reached skill level 1 in Shields
  6530 | D        | Killed a deep elf demonologist
  6538 | D        | Killed a deep elf demonologist
  6538 | D        | Reached skill level 19 in Spellcasting
  6702 | D        | Killed a deep elf death mage
  6715 | D        | Killed a deep elf annihilator
  7205 | D        | Slain by a deep elf blademaster

Vault maps used:
D:        dungeon_sprint_mu

Skill      XL: |  1  2  3  4  5  6  7  8  9 10 11 12 13 |
---------------+----------------------------------------+-----
Fighting       | 1 2 4 5 6 7 8 9 |  9.4
Armour         | 1 2 4 5 6 7 8 9 |  9.5
Dodging        | 3 4 6 7 8 9 10 11 13 | 13.3
Spellcasting   | 4 5 6 7 10 11 12 13 15 17 18 19 | 19.1
Short Blades   | 1 2 3 5 6 7 8 9 10 11 | 11.1
Conjurations   | 2 3 5 6 7 8 9 10 11 12 | 12.2
Fire Magic     | 4 5 6 7 8 9 11 12 | 12.4
Air Magic      | 2 4 6 7 9 |  9.8
Poison Magic   | 2 4 5 6 8 10 | 10.5
Earth Magic    | 3 5 6 8 9 10 | 10.3
Evocations     | 3 5 6 8 10 | 10.5
Shields        | 2 |  2.1
Stealth        | |  2.4

Action                   |  1- 3 |  4- 6 |  7- 9 | 10-12 | 13-15 || total
-------------------------+-------+-------+-------+-------+-------++-------
Melee: Dagger            |    10 |     1 |     2 |    11 |       ||    24
 Cast: Flame Tongue      |    21 |     3 |    80 |   106 |     8 ||   218
       Conjure Flame     |     1 |       |     9 |    11 |       ||    21
       Throw Flame       |     1 |       |     3 |    10 |       ||    14
       Sticky Flame      |       |     3 |    13 |    29 |     3 ||    48
       Mephitic Cloud    |       |       |     7 |    12 |       ||    19
       Inner Flame       |       |       |     1 |       |       ||     1
       Fireball          |       |       |     3 |    16 |    13 ||    32
       Airstrike         |       |       |       |     2 |       ||     2
       Bolt of Fire      |       |       |       |    29 |    22 ||    51
       Passage of Golubr |       |       |       |       |     4 ||     4
  Use: Potion            |     4 |       |     1 |     3 |     6 ||    14
       Scroll            |     2 |       |     1 |     5 |       ||     8
 Stab: Sleeping          |       |     1 |       |     1 |       ||     2
  Eat: Bread ration      |       |       |     1 |       |       ||     1
       Royal jelly       |       |       |       |    11 |       ||    11
       Chunk             |       |       |       |     2 |       ||     2
Armor: Robe              |     1 |     2 |     1 |     1 |     2 ||     7
Dodge: Dodged            |    14 |     4 |    26 |    61 |    13 ||   118
